 Dungeon Crawl Stone Soup version 0.25.1-2-g60ff931df9 (webtiles) character file.

Game seed: 2329895634732006740

284 pokeman the Magician (level 6, -7/34 HPs)
             Began as a Deep Elf Wizard on Nov 28, 2020.
             Was an Initiate of Vehumet.
             Mangled by an ogre
             ... wielding a +0 giant spiked club
              (19 damage)
             ... on level 4 of the Dungeon.
             The game lasted 00:09:41 (3875 turns).

pokeman the Magician (Deep Elf Wizard)              Turns: 3875, Time: 00:09:42

Health: -7/34      AC:  4    Str:  4    XL:     6   Next: 7%
Magic:  12/17      EV: 12    Int: 25    God:    Vehumet [......]
Gold:   104        SH:  0    Dex: 13    Spells: 7/18 levels left

rFire    . . .     SeeInvis .   k - +1 short sword (holy)
rCold    . . .     Gourm    .   (no shield)
rNeg     . . .     Faith    .   c - +0 leather armour
rPois    .         Spirit   .   u - +0 helmet
rElec    .         Reflect  .   (no cloak)
rCorr    .         Harm     .   (no gloves)
MR       .....                  (no boots)
Stlth    +.........             n - amulet of magic regeneration
HPRegen  0.11/turn              f - ring of attention (curse)
MPRegen  0.40/turn              o - ring of wizardry

@: very slightly contaminated
A: no striking features
a: Renounce Religion


You were on level 4 of the Dungeon.
You worshipped Vehumet.
Vehumet was noncommittal.
You were not hungry.

You visited 2 branches of the dungeon, and saw 5 of its levels.

You collected 104 gold pieces.

Inventory:

Hand Weapons
 k - a +1 short sword of holy wrath (weapon)
Missiles
 w - 21 bolts
Armour
 c - a +0 leather armour (worn)
 u - a +0 helmet (worn)
Jewellery
 f - a cursed ring of attention (left hand)
 i - an uncursed ring of poison resistance
 n - an amulet of magic regeneration (around neck)
 o - a ring of wizardry (right hand)
Wands
 r - a wand of paralysis (10)
Scrolls
 e - a scroll of remove curse {unknown}
 g - a scroll of fear {unknown}
 j - 2 scrolls of amnesia {unknown}
 l - 4 scrolls of identify {unknown}
 m - a scroll of blinking {unknown}
 q - 3 scrolls of fog {unknown}
 v - a scroll of enchant weapon {unknown}
Potions
 a - 2 potions of stabbing {unknown}
 b - a potion of flight {unknown}
 h - a potion of heal wounds {unknown}
 p - a potion of mutation {unknown}
 s - a potion of ambrosia {unknown}
Comestibles
 d - 7 rations
 t - 2 chunks of flesh


   Skills:
 + Level 1.0 Fighting
 - Level 1.0 Armour
 - Level 3.0 Dodging
 + Level 2.5 Stealth
 * Level 6.7 Spellcasting
 + Level 3.0 Conjurations
 - Level 1.1 Summonings
 - Level 1.1 Translocations
 - Level 1.0 Air Magic
 - Level 1.4 Poison Magic
 - Level 1.3 Evocations


You had 7 spell levels left.
You knew the following spells:

 Your Spells              Type           Power        Failure   Level  Hunger
a - Magic Dart            Conj           ###.         1%          1    None
b - Mephitic Cloud        Conj/Pois/Air  ###.....     7%          3    None
c - Call Imp              Summ           ##......     4%          2    None
d - Blink                 Tloc           N/A          4%          2    None
e - Conjure Flame         Conj/Fire      ###.....     8%          3    None

Your spell library contained the following spells:

 Spells                   Type           Power        Failure   Level  Hunger
 Slow                     Hex            #.......     8%          2    None


Dungeon Overview and Level Annotations

Branches:
Dungeon (4/15)             Temple (1/1) D:4

Altars:
Dithmenos
Fedhas
Hepliaklqana
Kikubaaqudgha
Makhleb
Nemelex Xobeh
Qazlal
Ru
Uskayaw
Vehumet
Wu Jian
Yredelemnul
Zin

Annotations:
D:4 1 runed translucent door, Crazy Yiuf


Message History

The ogre is heavily wounded.
The ogre hits you with a +0 giant spiked club!!
Ouch! That really hurt!
Casting: Magic Dart (safe; 1% risk of failure)
Confirm with . or Enter, or press ? or * to list all spells.
Aiming: Magic Dart (safe; 1% risk of failure)
Press: ? - help, Shift-Dir - straight line, f/p - ogre
Aim: an ogre, wielding a +0 giant spiked club (heavily wounded)
The magic dart hits the ogre.
The ogre is severely wounded.
Casting: Magic Dart (safe; 1% risk of failure)
Confirm with . or Enter, or press ? or * to list all spells.
Aiming: Magic Dart (safe; 1% risk of failure)
Press: ? - help, Shift-Dir - straight line, f/p - ogre
Aim: an ogre, wielding a +0 giant spiked club (severely wounded)
The magic dart hits the ogre.
The ogre is severely wounded.
The ogre hits you with a +0 giant spiked club!!
Ouch! That really hurt!
You die...

## .............#
#.### ..$...........##
#.# ...............#
#.# ##.
...............#####.#
....
.....................#
....
...............#######
##.. .............).#
...............#
.......@.......#
........O......#
...............#
....(..........#
...............#
...............#
...............#
...............


You could see an ogre.

Vanquished Creatures
  An ogre (D:4)
  A hound (D:4)
  A worker ant (D:4)
  Robin (D:4)
  3 adders (D:3)
  A howler monkey skeleton (D:4)
  An ooze (D:1)
  2 worms
  3 dart slugs
  A leopard gecko (D:1)
  2 orcs (D:3)
  2 ball pythons
  4 giant cockroaches
  11 goblins
  14 hobgoblins
  4 quokkas
  6 bats
  7 frilled lizards
  7 kobolds
  10 rats
82 creatures vanquished.

Notes
Turn   | Place    | Note
-------+----------+-------------------------------------------
     0 | D:1      | pokeman the Deep Elf Wizard began the quest for the Orb.
     0 | D:1      | Reached XP level 1. HP: 10/10 MP: 7/7
   305 | D:1      | Reached XP level 2. HP: 16/16 MP: 3/9
   715 | D:1      | Reached skill level 5 in Spellcasting
  1157 | D:2      | Reached XP level 3. HP: 20/20 MP: 9/11
  1162 | D:2      | Learned a level 3 spell: Mephitic Cloud
  1165 | D:2      | Learned a level 2 spell: Call Imp
  1590 | D:2      | Reached skill level 1 in Fighting
  1904 | D:2      | Found a stormy altar of Qazlal.
  2291 | D:3      | Reached skill level 1 in Armour
  2304 | D:3      | Learned a level 2 spell: Blink
  2308 | D:3      | Learned a level 3 spell: Conjure Flame
  2454 | D:3      | Reached XP level 4. HP: 25/25 MP: 9/13
  2900 | D:3      | Reached skill level 1 in Air Magic
  3316 | D:4      | Noticed Robin
  3324 | D:4      | Killed Robin
  3324 | D:4      | Reached skill level 6 in Spellcasting
  3324 | D:4      | Reached XP level 5. HP: 27/29 MP: 6/15
  3586 | D:4      | Noticed an ogre
  3595 | D:4      | Killed an ogre
  3595 | D:4      | Reached skill level 1 in Poison Magic
  3595 | D:4      | Reached skill level 1 in Evocations
  3617 | D:4      | Found a staircase to the Ecumenical Temple.
  3623 | Temple   | Entered the Ecumenical Temple
  3670 | Temple   | Became a worshipper of Vehumet
  3729 | D:4      | Found a runed translucent door.
  3730 | D:4      | Noticed Crazy Yiuf
  3775 | D:4      | Reached XP level 6. HP: 32/34 MP: 10/17
  3875 | D:4      | Mangled by an ogre

Illustrated notes

Levels and vault maps discovered:
D:1:      lemuel_arrival_cross, layout_basic, kennysheep_another_room
D:2:      layout_basic, nicolae_overflow_crystal_walls
D:3:      layout_basic, first_ration, corexii_item_surrounded_by_moat
D:4:      layout_loops_ring, minmay_temple_entry_butterflies,
          chequers_serial_rivers_small_3, wad_floor_pattern_1,
          uniq_crazy_yiuf_cottage, uniq_robin
Temple:   regret_index_temple_sigil_plot

Skill      XL: |  1  2  3  4  5 |
---------------+----------------+-----
Spellcasting   | 5 6 |  6.7
Fighting       | 1 |  1.0
Armour         | 1 |  1.0
Conjurations   | 2 3 |  3.0
Air Magic      | 1 |  1.0
Dodging        | 3 |  3.0
Poison Magic   | 1 |  1.4
Evocations     | 1 |  1.3
Stealth        | |  2.5
Summonings     | |  1.1
Translocations | |  1.1

Action                   |  1- 3 |  4- 6 || total
-------------------------+-------+-------++-------
Melee: Unarmed           |     5 |       ||     5
       Short sword       |       |     9 ||     9
 Cast: Magic Dart        |   117 |   118 ||   235
       Blink             |       |    39 ||    39
       Mephitic Cloud    |       |     2 ||     2
       Conjure Flame     |       |     1 ||     1
  Eat: Chunk             |     4 |     5 ||     9
Armor: Leather armour    |    15 |     9 ||    24
Dodge: Dodged            |    13 |    19 ||    32
